[Event "Titled Tuesday Blitz February 15 Early 2022"]
[White "Glidzhain, Gor"]
[Black "Voege, Tobias"]
[WhiteFideId "24109932"]
[BlackFideId "1270513"]
[WhiteElo "2229"]
[BlackElo "2335"]
[Result "1-0"]
[Round "11"]
[TimeControl "180+1"]
[Date "2022.02.15"]
[WhiteClock "0:00:08"]
[BlackClock "0:00:03"]

1. e4 e6 2. d4 d5 3. Nc3 Nf6 4. e5 Nfd7 5. Nf3 c5 6. dxc5 Nc6 7. Bd3 Bxc5 8. O-O f6 9. exf6 Nxf6 10. Bf4 O-O 11. Qe2 Nh5 12. Bg3 Nf4 13. Bxf4 Rxf4 14. Rae1 Qf6 15. Nb5 Bd7 16. Nc7 Rc8 17. Nxe6 Re8 18. Nxf4 Rxe2 19. Nxe2 Bf5 20. Bxf5 Qxf5 21. c3 h6 22. Ng3 Qf6 23. Rd1 d4 24. cxd4 Nxd4 25. Nxd4 Bxd4 26. b3 Bb6 27. Rd3 Qb2 28. a4 Bd4 29. Rf3 a6 30. Nf5 Bf6 31. h3 b5 32. axb5 axb5 33. Rd1 Kh7 34. g3 Qe2 35. Rdd3 Qe1+ 36. Kg2 Qe4 37. Nd6 Qc6 38. Kh2 b4 39. Nc4 Qa6 40. Rfe3 Qa2 41. Kg2 Qc2 42. Rd7 Bc3 43. Nb6 Qxb3 44. Nd5 Qc4 45. h4 Bd4 46. Ree7 Qc6 47. h5 Bf6 48. Kh2 b3 49. Rf7 Be5 50. Ne3 Qb6 51. Rb7 Qd4 52. Kh3 Qe4 53. Kh2 b2 54. Nf5 b1=Q 55. Rxb1 Qxb1 56. Kg2 Qe4+ 57. f3 Bf6 58. fxe4 Kg8 59. Rd7 Be5 60. Kf3 Kh7 61. Nh4 Bf6 62. Ng6 Bg5 63. Rb7 Bd8 64. Rb8 Kg8 65. Rxd8+ Kf7 66. Rf8+ Ke6 67. Kf4 Kd7 68. Ke5 Kc6 69. Rf7 Kc5 70. Rxg7 1-0


[Site "https://www.chess.com"]

[Event "Titled Tuesday Blitz February 15 Early 2022"]
[White "Goldin, Roman"]
[Black "Golizadeh, Asghar"]
[WhiteFideId "2803860"]
[BlackFideId "12505269"]
[WhiteElo "2312"]
[BlackElo "2403"]
[Result "1-0"]
[Round "11"]
[TimeControl "180+1"]
[Date "2022.02.15"]
[WhiteClock "0:00:43"]
[BlackClock "0:00:05"]

1. e4 c5 2. Nf3 e6 3. c3 Nf6 4. e5 Nd5 5. g3 Nc6 6. Bg2 d6 7. exd6 Qxd6 8. O-O Be7 9. Re1 O-O 10. Na3 Rd8 11. Nc4 Qb8 12. a4 b6 13. d3 Bb7 14. h4 a6 15. Qb3 b5 16. Ne3 Nxe3 17. Bxe3 Rxd3 18. Bf4 Qd8 19. axb5 axb5 20. Qxb5 Rxa1 21. Rxa1 Rd1+ 22. Rxd1 Qxd1+ 23. Kh2 Qd7 24. Ne5 Nxe5 25. Qxd7 Nxd7 26. Bxb7 e5 27. Be3 Kf8 28. Kg2 Ke8 29. Bc6 Kd8 30. Bxd7 Kxd7 31. c4 f5 32. Kf3 Ke6 33. h5 g5 34. g4 e4+ 35. Ke2 f4 36. Bd2 Bf6 37. b4 Bd4 38. b5 f3+ 39. Kf1 h6 40. Ba5 Kd6 41. Bd8 Bg7 42. Ke1 Ke5 43. b6 Kd6 44. b7 Ke5 45. b8=Q+ Kd4 46. Qc7 Kd3 47. Qxg7 e3 48. Qd7+ Kc2 49. fxe3 f2+ 50. Kxf2 Kc3 51. Bf6+ Kc2 52. Ke2 Kb1 53. Qd3+ Ka2 54. Qc2+ Ka3 55. Qb1 Ka4 56. Be7 Ka3 57. Bxc5+ Ka4 58. Qb5# 1-0


[Site "https://www.chess.com"]

[Event "Titled Tuesday Blitz February 15 Early 2022"]
[White "Golubka, Petro"]
[Black "Blokhin, Sofia"]
[WhiteFideId "14114224"]
[BlackFideId "4508190"]
[WhiteElo "2392"]
[BlackElo "1762"]
[Result "1-0"]
[Round "11"]
[TimeControl "180+1"]
[Date "2022.02.15"]
[WhiteClock "0:01:09"]
[BlackClock "0:00:01"]

1. d4 f5 2. h3 e6 3. g4 fxg4 4. hxg4 Nf6 5. g5 Ne4 6. Nf3 Be7 7. Qd3 d5 8. Nc3 Bb4 9. Bd2 Bxc3 10. Bxc3 b6 11. Qe3 Bb7 12. g6 h6 13. Bh3 Qe7 14. O-O-O Nd7 15. Be1 O-O-O 16. Kb1 Kb8 17. a4 c5 18. a5 c4 19. Rg1 b5 20. Nd2 Ndf6 21. Nxe4 Nxe4 22. f3 Ng5 23. Bh4 Rde8 24. f4 Qb4 25. fxg5 hxg5 26. Bg3+ Ka8 27. Bg4 Qxa5 28. Qa3 Qb6 29. c3 a5 30. Be5 Rhg8 31. Rdf1 Ba6 32. Qc5 Qb7 33. Rf7 Rc8 34. Qd6 Rc6 35. Rxb7 Rxd6 36. Bxd6 Bxb7 37. Rf1 Rd8 38. Be5 b4 39. Rf7 bxc3 40. bxc3 Bc6 41. Rxg7 Bd7 42. Kc1 Ba4 43. Re7 Bb3 44. g7 a4 45. Bd6 Rxd6 46. g8=Q+ 1-0


[Site "https://www.chess.com"]

[Event "Titled Tuesday Blitz February 15 Early 2022"]
[White "Gontcharov, Vladislav"]
[Black "Gelman, Alexander"]
[WhiteFideId "4123492"]
[BlackFideId "4118316"]
[WhiteElo "2503"]
[BlackElo "2375"]
[Result "1-0"]
[Round "11"]
[TimeControl "180+1"]
[Date "2022.02.15"]
[WhiteClock "0:00:38"]
[BlackClock "0:00:44"]

1. e4 c5 2. Nf3 e6 3. d4 cxd4 4. Nxd4 a6 5. Bd3 d6 6. c4 Nf6 7. O-O Bd7 8. Nc3 Nc6 9. Be3 Be7 10. Qe2 Ne5 11. Rac1 O-O 12. Rfd1 Nxd3 13. Qxd3 Qc7 14. f3 Rac8 15. b3 h6 16. a4 h5 17. Nde2 Rfe8 18. Bg5 Red8 19. Kh1 Qa5 20. h4 Bc6 21. Ng3 g6 22. Qd2 Qb6 23. Rb1 Qc5 24. Nce2 b5 25. cxb5 axb5 26. b4 Qa7 27. a5 Bb7 28. Nf4 Rc4 29. Nd3 Rdc8 30. Qf4 e5 31. Qd2 Rc2 32. Qe1 Ba8 33. Rdc1 Qd4 34. Rd1 Qc4 35. Nf1 Qc7 36. Ne3 Rc3 37. Rdc1 Qa7 38. Rxc3 Rxc3 39. Qxc3 1-0


[Site "https://www.chess.com"]

[Event "Titled Tuesday Blitz February 15 Early 2022"]
[White "Goryachkina, Aleksandra"]
[Black "Manukyan, Artyom"]
[WhiteFideId "4147103"]
[BlackFideId "13305786"]
[WhiteElo "2426"]
[BlackElo "2034"]
[Result "1-0"]
[Round "11"]
[TimeControl "180+1"]
[Date "2022.02.15"]
[WhiteClock "0:00:42"]
[BlackClock "0:00:01"]

1. e4 c5 2. Nf3 d6 3. c3 Nf6 4. Be2 g6 5. O-O Bg7 6. Bb5+ Bd7 7. Bxd7+ Qxd7 8. Re1 O-O 9. d4 cxd4 10. cxd4 d5 11. e5 Ne4 12. Nc3 Nxc3 13. bxc3 Nc6 14. h4 Qg4 15. Qd3 Rac8 16. Bg5 h6 17. Bd2 Na5 18. Re2 Nc4 19. Rae1 e6 20. Bc1 Qf5 21. Qd1 Rc6 22. Nh2 h5 23. Bg5 Rfc8 24. Nf1 Rb6 25. Ng3 Qg4 26. Kh2 Nb2 27. Qc2 Rbc6 28. Qxb2 Rxc3 29. Qd2 Rc2 30. f3 Rxd2 31. Rxd2 Qxg3+ 32. Kxg3 1-0


[Site "https://www.chess.com"]

[Event "Titled Tuesday Blitz February 15 Early 2022"]
[White "Gracia Alvarez, Gerardo Antonio"]
[Black "Osmak, Yuliia"]
[WhiteFideId "5109124"]
[BlackFideId "14101602"]
[WhiteElo "2139"]
[BlackElo "2302"]
[Result "1-0"]
[Round "11"]
[TimeControl "180+1"]
[Date "2022.02.15"]
[WhiteClock "0:00:08"]
[BlackClock "0:00:03"]

1. c4 c6 2. e4 d5 3. cxd5 cxd5 4. exd5 Nf6 5. Qa4+ Nbd7 6. Nc3 g6 7. Bc4 Bg7 8. d3 O-O 9. Nf3 a6 10. Qa3 Nb6 11. Qb3 Bg4 12. Ne5 Bf5 13. O-O Nbd7 14. Nxd7 Qxd7 15. a4 Ng4 16. Bf4 Ne5 17. Rad1 Rac8 18. Rfe1 Nxc4 19. dxc4 Rfd8 20. Qb4 Bf8 21. c5 Bc2 22. Rd2 Qf5 23. Re5 Qg4 24. h3 Qh4 25. Rxc2 Bg7 26. Re4 Qh5 27. d6 exd6 28. cxd6 Qf5 29. Ree2 a5 30. Qe4 Qxe4 31. Rxe4 f5 32. Re7 g5 33. Bxg5 Rxd6 34. Rce2 Bxc3 35. bxc3 Rdc6 36. Rxb7 Rxc3 37. Bf6 Rc1+ 38. Kh2 R1c6 39. Bb2 R6c7 40. Re8+ Rxe8 41. Rxc7 Re2 42. Bd4 Re4 43. Bc3 Rxa4 44. Rg7+ Kf8 45. Rxh7 Ra3 46. Bd4 Ra4 47. Bc5+ Kg8 48. Ra7 Ra1 49. h4 a4 50. h5 a3 51. h6 1-0


[Site "https://www.chess.com"]

[Event "Titled Tuesday Blitz February 15 Early 2022"]
[White "Grineva, Marianna"]
[Black "Matveeva, Olga"]
[WhiteFideId "14102013"]
[BlackFideId "24107018"]
[WhiteElo "1954"]
[BlackElo "2083"]
[Result "1-0"]
[Round "11"]
[TimeControl "180+1"]
[Date "2022.02.15"]
[WhiteClock "0:00:13"]
[BlackClock "0:00:10"]

1. e4 e6 2. d4 d5 3. Nd2 c5 4. exd5 Qxd5 5. Ngf3 cxd4 6. Bc4 Qd6 7. O-O Nf6 8. Nb3 Nc6 9. Nbxd4 Nxd4 10. Nxd4 Be7 11. c3 O-O 12. Qe2 Qc7 13. Bb3 a5 14. a4 Bd7 15. Bc2 Qb6 16. Qd3 Rfd8 17. Bg5 g6 18. Qf3 e5 19. Nb5 Bc6 20. Qe2 Qc5 21. Be3 Qd5 22. f3 Rac8 23. Rfd1 Qe6 24. Bb6 Rxd1+ 25. Rxd1 Nd5 26. Bf2 Nf4 27. Qf1 Qf6 28. h4 h5 29. Na7 Rd8 30. Nxc6 bxc6 31. Be4 Rxd1 32. Qxd1 Kg7 33. Qd7 Ne2+ 34. Kf1 Nf4 35. Qxc6 Ne6 36. Qd7 Qf4 37. Qxe7 Qc1+ 38. Be1 Qxb2 39. Bd5 Qb6 40. Bxe6 Qxe6 41. Qxe6 fxe6 42. c4 Kf6 43. Bxa5 Ke7 44. Bb4+ Kd7 45. a5 Kc6 46. Ke2 1-0


[Site "https://www.chess.com"]

[Event "Titled Tuesday Blitz February 15 Early 2022"]
[White "Gurevich, Dmitry"]
[Black "Dauner, Benedikt"]
[WhiteFideId "2000407"]
[BlackFideId "16225899"]
[WhiteElo "2506"]
[BlackElo "2230"]
[Result "0-1"]
[Round "11"]
[TimeControl "180+1"]
[Date "2022.02.15"]
[WhiteClock "0:00:03"]
[BlackClock "0:00:03"]

1. d4 d5 2. c4 e6 3. Nf3 a6 4. c5 b6 5. cxb6 c5 6. e3 Qxb6 7. Be2 Nc6 8. dxc5 Bxc5 9. O-O Nf6 10. Nc3 Be7 11. b3 O-O 12. Bb2 Bd7 13. Na4 Qa7 14. Rc1 Rfc8 15. Nd4 Rab8 16. Nxc6 Rxc6 17. Qd4 Qxd4 18. Bxd4 Rxc1 19. Rxc1 Bxa4 20. bxa4 a5 21. Bb5 Bb4 22. f3 Ne8 23. Rc6 Nd6 24. Be5 Rd8 25. Kf2 f6 26. Bd4 Rc8 27. Rxc8+ Nxc8 28. Bd7 e5 29. Bb2 Nb6 30. Bc6 Kf8 31. Ke2 Ke7 32. Kd3 Kd6 33. Bb5 f5 34. f4 e4+ 35. Kc2 g6 36. Be5+ Ke7 37. Bd4 Nd7 38. Kb3 Bc5 39. Kc3 Kd6 40. Bxd7 Bb4+ 41. Kb3 Kxd7 42. a3 Bd6 43. Bb6 Bc7 44. Bc5 Kc6 45. Bd4 Bd6 46. Kb2 Bc5 47. Kb3 Bxd4 48. exd4 Kd6 49. Kc3 Ke6 50. Kd2 h6 51. h4 g5 0-1


[Site "https://www.chess.com"]

[Event "Titled Tuesday Blitz February 15 Early 2022"]
[White "Hansen, Eric"]
[Black "Terry, Renato"]
[WhiteFideId "2606771"]
[BlackFideId "3803457"]
[WhiteElo "2568"]
[BlackElo "2577"]
[Result "1-0"]
[Round "11"]
[TimeControl "180+1"]
[Date "2022.02.15"]
[WhiteClock "0:01:02"]
[BlackClock "0:00:22"]

1. e4 e6 2. d4 d5 3. Nc3 Nf6 4. Bg5 Bb4 5. e5 h6 6. Bc1 Ne4 7. Ne2 c5 8. a3 cxd4 9. axb4 dxc3 10. bxc3 Qc7 11. Qd3 Qxe5 12. f3 Nf6 13. Bf4 Qh5 14. g4 Qg6 15. Qxg6 fxg6 16. h4 Nbd7 17. Be3 a6 18. Nf4 Kf7 19. Bd3 Ne5 20. Kf2 Bd7 21. Bd4 Nxd3+ 22. Nxd3 g5 23. Ne5+ Kg8 24. Ng6 Rh7 25. hxg5 hxg5 26. Rxh7 Kxh7 27. Ne7 1-0


[Site "https://www.chess.com"]

[Event "Titled Tuesday Blitz February 15 Early 2022"]
[White "Dronavalli, Harika"]
[Black "Ronka, Erik"]
[WhiteFideId "5015197"]
[BlackFideId "505080"]
[WhiteElo "2382"]
[BlackElo "2264"]
[Result "1-0"]
[Round "11"]
[TimeControl "180+1"]
[Date "2022.02.15"]
[WhiteClock "0:00:29"]
[BlackClock "0:00:02"]

1. e4 c5 2. Nc3 d6 3. g3 g6 4. Bg2 Bg7 5. Nge2 Nc6 6. d3 e6 7. h4 h5 8. Bg5 Nge7 9. Qd2 Rb8 10. O-O b5 11. Nd1 a5 12. c3 b4 13. d4 cxd4 14. cxd4 Ba6 15. d5 Bxe2 16. Qxe2 Nd4 17. Qd3 O-O 18. dxe6 fxe6 19. Ne3 Qe8 20. Nc4 Rd8 21. Nxa5 Rd7 22. Rac1 Qa8 23. Nc4 Qxa2 24. Bxe7 Rxe7 25. e5 dxe5 26. Qxg6 Ne2+ 27. Kh1 Nxc1 28. Rxc1 Rc8 29. Bf1 Qa8+ 30. Kg1 Qd5 31. Bd3 e4 32. Bxe4 Rxc4 33. Qh7+ Kf7 34. Bxd5 Rxc1+ 35. Kg2 exd5 36. Qxh5+ Kg8 37. Qxd5+ Rf7 38. Qd8+ Rf8 39. Qd5+ Rf7 40. Qe4 Rcc7 41. b3 Bc3 42. h5 Rc6 43. Qxc6 Rf6 44. Qc8+ Kg7 45. g4 Bd4 46. Qd7+ Rf7 47. Qxd4+ 1-0


[Site "https://www.chess.com"]

[Event "Titled Tuesday Blitz February 15 Early 2022"]
[White "Harish, Neeraj"]
[Black "Dilmukhametov, Artur"]
[WhiteFideId "30958130"]
[BlackFideId "24179922"]
[WhiteElo "1545"]
[BlackElo "2266"]
[Result "1-0"]
[Round "11"]
[TimeControl "180+1"]
[Date "2022.02.15"]
[WhiteClock "0:00:30"]
[BlackClock "0:00:55"]

1. e4 e6 2. d4 d5 3. Nc3 Bb4 4. e5 c5 5. a3 cxd4 6. axb4 dxc3 7. Nf3 cxb2 8. Bxb2 a6 9. Bd3 Nc6 10. Qd2 Bd7 11. O-O f6 12. Rfe1 fxe5 13. Nxe5 Nxe5 14. Bxe5 Nf6 15. Qg5 Qe7 16. b5 O-O 17. Re3 Bxb5 18. Rae1 Bxd3 19. cxd3 b5 20. Rh3 h6 21. Rxh6 Ra7 22. Qg6 a5 23. Re3 Rf7 24. Reh3 Kf8 25. Rh8+ Ng8 26. Rxg8+ Kxg8 27. Qh7+ Kf8 28. Qh8# 1-0


[Site "https://www.chess.com"]

[Event "Titled Tuesday Blitz February 15 Early 2022"]
[White "Harshavardhan G B"]
[Black "Garagulya, Konstantin"]
[WhiteFideId "25059009"]
[BlackFideId "4128931"]
[WhiteElo "1831"]
[BlackElo "2329"]
[Result "0-1"]
[Round "11"]
[TimeControl "180+1"]
[Date "2022.02.15"]
[WhiteClock "0:00:20"]
[BlackClock "0:00:18"]

1. d4 Nf6 2. Nf3 e6 3. Bg5 c5 4. c3 Nc6 5. Nbd2 d5 6. e3 Be7 7. Bd3 h6 8. Bh4 a6 9. O-O b5 10. Ne5 Nxe5 11. dxe5 Nd7 12. Bg3 Bb7 13. f4 Qc7 14. Qg4 g6 15. Bxg6 Rg8 16. Bxf7+ Kxf7 17. Qh5+ Kg7 18. f5 Kh7 19. fxe6 Nf8 20. Rf7+ Rg7 21. Bf4 Nxe6 22. Qxh6+ Kg8 23. Qxe6 Rxf7 24. Qxf7+ Kxf7 25. e6+ Kxe6 26. Bxc7 Rc8 27. Bf4 d4 28. exd4 cxd4 29. Re1+ Kd7 30. cxd4 Rc2 31. g4 Rxb2 32. g5 Rxa2 33. g6 Bf6 34. Be3 Bd5 35. Rf1 Ke7 36. Kf2 b4 37. Kg3 b3 38. h4 b2 39. h5 Ra1 40. Rb1 Rxb1 41. Nxb1 a5 42. Kf4 Ba2 43. Nc3 b1=Q 44. Nxb1 Bxb1 45. d5 Kd6 46. Bb6 a4 47. Bd8 Bxd8 48. g7 Bh7 49. h6 a3 50. g8=Q Bxg8 51. Kf5 Bh7+ 52. Kf4 a2 53. Ke3 a1=Q 54. Kf4 Qe5+ 55. Kf3 Qxd5+ 56. Kg4 Qe5 57. Kf3 Bg5 58. Kg4 Bxh6 59. Kh3 Kd5 60. Kg2 Kd4 61. Kf3 Qf4+ 62. Kg2 Ke3 63. Kh3 Qg5 64. Kh2 Kf2 65. Kh1 Qg2# 0-1


[Site "https://www.chess.com"]

[Event "Titled Tuesday Blitz February 15 Early 2022"]
[White "Iskusnyh, Sergei"]
[Black "Daneshvar, Bardiya"]
[WhiteFideId "4120027"]
[BlackFideId "12576468"]
[WhiteElo "2492"]
[BlackElo "2295"]
[Result "0-1"]
[Round "11"]
[TimeControl "180+1"]
[Date "2022.02.15"]
[WhiteClock "0:00:01"]
[BlackClock "0:00:18"]

1. d4 Nf6 2. c4 e6 3. g3 d5 4. Bg2 Bb4+ 5. Bd2 Be7 6. Nf3 O-O 7. O-O c6 8. Qc2 Nbd7 9. a3 b6 10. cxd5 cxd5 11. Bb4 a5 12. Bxe7 Qxe7 13. Rc1 Ba6 14. Nc3 Rfc8 15. Qd1 Qd6 16. e3 Rc7 17. Bf1 Bxf1 18. Qxf1 Rac8 19. Nb5 Rxc1 20. Rxc1 Qb8 21. Nd2 Ne8 22. Nb1 Qb7 23. Qd1 Rc6 24. Rc3 Rxc3 25. N1xc3 Qc6 26. Qd3 g6 27. h4 Ndf6 28. Kg2 h5 29. Qd1 Ng4 30. Qa4 Nef6 31. Qb3 Kg7 32. a4 Nh6 33. Qa3 Nf5 34. Qb3 Ng4 35. Kg1 Qc8 36. Qd1 Qc4 37. Qc2 Qb4 38. Na3 Qe7 39. Nab5 g5 40. hxg5 Qxg5 41. Qe2 h4 42. Qf3 hxg3 43. fxg3 Ngxe3 44. Kf2 Ng4+ 45. Ke1 Qc1+ 46. Nd1 Nf6 47. Nc3 Nxd4 48. Qd3 Nf5 49. Ke2 Qg5 50. Kf2 Ng4+ 51. Kg2 Qh5 52. Kf1 Qh1+ 53. Ke2 Qg2+ 54. Ke1 Ne5 55. Qe2 Nf3+ 56. Qxf3 Qxf3 0-1


[Site "https://www.chess.com"]

[Event "Titled Tuesday Blitz February 15 Early 2022"]
[White "Jaferian, Koosha"]
[Black "Rustemov, Alexander"]
[WhiteFideId "12507440"]
[BlackFideId "4119002"]
[WhiteElo "2027"]
[BlackElo "2791"]
[Result "1-0"]
[Round "11"]
[TimeControl "180+1"]
[Date "2022.02.15"]
[WhiteClock "0:00:48"]
[BlackClock "0:00:17"]

1. Nf3 d5 2. b3 Nf6 3. Bb2 Bf5 4. g3 e6 5. Bg2 h6 6. O-O Be7 7. d3 O-O 8. Nbd2 c5 9. e3 Nc6 10. Qe2 Qc7 11. Ne1 Bh7 12. f4 b5 13. g4 Rac8 14. h4 c4 15. g5 hxg5 16. hxg5 Nd7 17. bxc4 bxc4 18. dxc4 Nb6 19. cxd5 Nxd5 20. c4 Ndb4 21. Be4 Bf5 22. Kg2 Rfd8 23. Bxf5 exf5 24. Rh1 Qd6 25. Nb3 Qg6 26. Nf3 Nd3 27. Bc3 Qe6 28. Nbd4 Qe4 29. Kg3 Nxd4 30. Bxd4 Nxf4 31. Qh2 Ng6 32. Qh7+ Kf8 33. Qh8+ Nxh8 34. Rxh8# 1-0


[Site "https://www.chess.com"]

[Event "Titled Tuesday Blitz February 15 Early 2022"]
[White "Jain Kashish Manoj"]
[Black "Lakshmi C"]
[WhiteFideId "35081098"]
[BlackFideId "25035347"]
[WhiteElo "1681"]
[BlackElo "1775"]
[Result "1-0"]
[Round "11"]
[TimeControl "180+1"]
[Date "2022.02.15"]
[WhiteClock "0:01:21"]
[BlackClock "0:00:11"]

1. Nf3 Nf6 2. g3 d5 3. Bg2 c5 4. O-O g6 5. d3 Bg7 6. Nc3 Nc6 7. a3 e5 8. Bg5 h6 9. Bxf6 Bxf6 10. e4 d4 11. Nd5 Bg7 12. c4 dxc3 13. bxc3 Be6 14. c4 O-O 15. Nd2 Nd4 16. Rb1 Rb8 17. Nb3 b6 18. Nxd4 cxd4 19. Qa4 Ra8 20. f4 f5 21. fxe5 Bxe5 22. Qc6 Qd7 23. exf5 Bxf5 24. Rxf5 Qxc6 25. Ne7+ Kg7 26. Rxf8 Qxg2+ 27. Kxg2 Rxf8 28. Nc6 Bd6 29. Nxd4 Bxa3 30. Ne6+ Kf7 31. Nxf8 Bxf8 32. d4 Ke6 33. Kf3 Bd6 34. Ke4 Bc7 35. Rf1 a6 36. d5+ Ke7 37. Kd4 Bd6 38. Re1+ Kf7 39. Re6 Bc5+ 40. Ke4 h5 41. h3 Bf2 42. g4 hxg4 43. hxg4 a5 44. Rc6 a4 45. g5 a3 46. Rf6+ Ke7 47. Rxf2 Kd6 48. Kd4 1-0


[Site "https://www.chess.com"]

[Event "Titled Tuesday Blitz February 15 Early 2022"]
[White "Jakubowski, Krzysztof"]
[Black "Nguyen, Ngoc Truong Son"]
[WhiteFideId "1112848"]
[BlackFideId "12401110"]
[WhiteElo "2365"]
[BlackElo "2596"]
[Result "0-1"]
[Round "11"]
[TimeControl "180+1"]
[Date "2022.02.15"]
[WhiteClock "0:00:02"]
[BlackClock "0:00:19"]

1. e4 c5 2. Nf3 d6 3. d4 cxd4 4. Nxd4 Nf6 5. Nc3 a6 6. Be3 e6 7. Be2 Be7 8. O-O b5 9. f4 b4 10. e5 bxc3 11. exf6 Bxf6 12. bxc3 O-O 13. Rb1 Nd7 14. Bf3 Rb8 15. Rb3 Qc7 16. Qd2 Nb6 17. Qe2 Na4 18. Rxb8 Qxb8 19. Qc4 Bd7 20. Bc6 Bxc6 21. Qxc6 Nc5 22. f5 Qc8 23. fxe6 Nxe6 24. Qxd6 Qxc3 25. Nf5 Rd8 26. Qxa6 h5 27. a4 Qxc2 28. Bb6 Rd1 29. Ne3 Rxf1+ 30. Qxf1 Qxa4 31. Kh1 Qb3 32. Ba7 Qb7 33. Nd5 Qxd5 34. h3 Be5 35. Bg1 Nf4 36. Kh2 Nxg2+ 37. Kh1 Ne3+ 0-1


[Site "https://www.chess.com"]

[Event "Titled Tuesday Blitz February 15 Early 2022"]
[White "Johnson, Ben"]
[Black "Mirzanurov, Bulat"]
[WhiteFideId "2010917"]
[BlackFideId "4184521"]
[WhiteElo "2206"]
[BlackElo "2116"]
[Result "1/2-1/2"]
[Round "11"]
[TimeControl "180+1"]
[Date "2022.02.15"]
[WhiteClock "0:00:07"]
[BlackClock "0:00:07"]

1. Nf3 d5 2. e3 Nf6 3. c4 c5 4. cxd5 Nxd5 5. Nc3 Nc6 6. Qb3 e6 7. Bb5 Nxc3 8. Bxc6+ bxc6 9. Qxc3 Ba6 10. b3 Be7 11. Ne5 Bf6 12. f4 Qd6 13. Ba3 Qd5 14. Kf2 Rd8 15. Rhd1 O-O 16. Qxc5 Bxe5 17. Qxd5 cxd5 18. fxe5 Rfe8 19. d4 Rc8 20. Rac1 Rxc1 21. Rxc1 Rc8 22. Bc5 Rc7 23. a4 f6 24. exf6 gxf6 25. Kf3 Kf7 26. g4 e5 27. h4 Ke6 28. Rg1 exd4 29. exd4 Bd3 30. Bxa7 Be4+ 31. Kf4 Rxa7 32. Rc1 Rb7 33. Rc6+ Ke7 34. Rc3 Bg2 35. a5 Bf1 36. Rc5 Kd6 37. Rc3 Ra7 38. b4 Bc4 39. Kf5 Rb7 40. Kxf6 Rxb4 41. Ra3 Rb7 42. g5 Rb3 43. Rxb3 Bxb3 44. Kg7 Bc2 45. a6 Kc6 46. h5 Kb6 47. Kf6 Kxa6 48. Ke5 Be4 49. g6 hxg6 50. hxg6 Kb5 51. g7 Bh7 52. Kxd5 Bg8+ 53. Kd6 Kc4 54. d5 Bxd5 55. Ke7 Kd4 56. Kf8 Ke5 57. g8=Q Bxg8 1/2-1/2


[Site "https://www.chess.com"]

[Event "Titled Tuesday Blitz February 15 Early 2022"]
[White "Joubert, Dantelle"]
[Black "Manukian, Artak"]
[WhiteFideId "14310813"]
[BlackFideId "13301373"]
[WhiteElo "1507"]
[BlackElo "2443"]
[Result "0-1"]
[Round "11"]
[TimeControl "180+1"]
[Date "2022.02.15"]
[WhiteClock "0:00:42"]
[BlackClock "0:01:00"]

1. Nf3 g6 2. c4 Bg7 3. Nc3 c5 4. d4 cxd4 5. Nxd4 Nc6 6. Ndb5 a6 7. Na3 Nf6 8. g3 O-O 9. Bg2 d6 10. O-O Bg4 11. h3 Be6 12. Nd5 Bxd5 13. cxd5 Nb8 14. Be3 Nbd7 15. Rc1 b5 16. Qd2 Rc8 17. Rxc8 Qxc8 18. Rc1 Qb7 19. Qc2 Nb6 20. Bxb6 Qxb6 21. Qc6 Qd4 22. Rc2 Ne4 23. e3 Qd1+ 24. Kh2 Nd2 25. Qxa6 b4 26. Qd3 Nf3+ 27. Bxf3 Qxd3 0-1


[Site "https://www.chess.com"]

[Event "Titled Tuesday Blitz February 15 Early 2022"]
[White "Kamsky, Gata"]
[Black "Gunina, Valentina"]
[WhiteFideId "2000024"]
[BlackFideId "4167570"]
[WhiteElo "2645"]
[BlackElo "2465"]
[Result "0-1"]
[Round "11"]
[TimeControl "180+1"]
[Date "2022.02.15"]
[WhiteClock "0:00:02"]
[BlackClock "0:00:39"]

1. d4 d5 2. Nf3 Nf6 3. Bf4 c5 4. e3 Qb6 5. Nc3 c4 6. Rb1 Qa5 7. Qd2 e6 8. a3 b5 9. Be2 b4 10. axb4 Bxb4 11. O-O Ne4 12. Qc1 Bxc3 13. Ra1 Qd8 14. bxc3 Nxc3 15. Qd2 Nxe2+ 16. Qxe2 Nc6 17. c3 O-O 18. e4 dxe4 19. Qxe4 Qd5 20. Qe3 Bb7 21. Rfb1 Ne7 22. Ne1 a5 23. Qe2 a4 24. f3 Qc6 25. Nc2 Nd5 26. Qd2 Nxf4 27. Qxf4 Qd7 28. h4 Bd5 29. Ra3 Rfc8 30. Rb4 Ra5 31. Ra1 h6 32. Rab1 f6 33. Rb8 Ra8 34. Rxc8+ Qxc8 35. Na3 Kh7 36. Rb4 Qd8 37. Kf2 Qe7 38. Ke1 e5 39. dxe5 fxe5 40. Qf5+ Kh8 0-1


[Site "https://www.chess.com"]

[Event "Titled Tuesday Blitz February 15 Early 2022"]
[White "Khripachenko, Alexander"]
[Black "Nesterov, Arseniy"]
[WhiteFideId "54184975"]
[BlackFideId "24198455"]
[WhiteElo "2177"]
[BlackElo "2489"]
[Result "0-1"]
[Round "11"]
[TimeControl "180+1"]
[Date "2022.02.15"]
[WhiteClock "0:00:02"]
[BlackClock "0:00:13"]

1. e4 e5 2. Nf3 Nc6 3. Nc3 Nf6 4. d4 exd4 5. Nxd4 Nxe4 6. Nxe4 Qe7 7. Bd3 Nxd4 8. O-O d5 9. Ng5 Ne6 10. Re1 Bd7 11. Qf3 c6 12. Nxh7 Rxh7 13. Bxh7 g6 14. Bg8 Bg7 15. Bg5 Qf8 16. Bh7 Qh8 17. Qh3 Bf6 18. Be3 O-O-O 19. Bxa7 Ng5 20. Qg3 Be6 21. Qb8+ Kd7 22. Qxb7+ Ke8 23. Bb6 Qxh7 24. Bxd8 Bxd8 25. Qxc6+ Kf8 0-1


[Site "https://www.chess.com"]

[Event "Titled Tuesday Blitz February 15 Early 2022"]
[White "Kirillov, Dmitry"]
[Black "Golubenko, Valentina"]
[WhiteFideId "34180572"]
[BlackFideId "4501993"]
[WhiteElo "2076"]
[BlackElo "2164"]
[Result "1-0"]
[Round "11"]
[TimeControl "180+1"]
[Date "2022.02.15"]
[WhiteClock "0:01:08"]
[BlackClock "0:00:01"]

1. d4 g6 2. c4 Bg7 3. Nc3 c5 4. d5 d6 5. e4 Nf6 6. h3 e6 7. Nf3 exd5 8. exd5 O-O 9. Bd3 Re8+ 10. Be3 Bh6 11. O-O Bxe3 12. fxe3 Rxe3 13. Qd2 Re8 14. Ng5 Nbd7 15. Qf4 Qe7 16. Rae1 Qxe1 17. Rxe1 Rxe1+ 18. Kh2 Re5 19. Nb5 h6 20. Nf3 g5 21. Qd2 Re7 22. Nxd6 b6 23. Nf5 Re8 24. Nxh6+ Kf8 25. Qxg5 Bb7 26. Nf5 Rec8 27. Qg7+ Ke8 28. Qh8+ Nf8 29. Qxf6 Rc7 30. Nd6+ Kd7 31. Bf5+ 1-0


[Site "https://www.chess.com"]

[Event "Titled Tuesday Blitz February 15 Early 2022"]
[White "Klyashtorny, Vladislav"]
[Black "Sovetbekova, Nurai"]
[WhiteFideId "4170938"]
[BlackFideId "13801910"]
[WhiteElo "2373"]
[BlackElo "1545"]
[Result "1-0"]
[Round "11"]
[TimeControl "180+1"]
[Date "2022.02.15"]
[WhiteClock "0:01:11"]
[BlackClock "0:00:01"]

1. e4 c5 2. Nf3 d6 3. c3 Nf6 4. Qc2 Qc7 5. Na3 a6 6. d4 cxd4 7. cxd4 Qxc2 8. Nxc2 Nxe4 9. Bd3 Nf6 10. O-O Nc6 11. Re1 e6 12. Bg5 Nd5 13. Ne3 Nxe3 14. Rxe3 Be7 15. d5 Bxg5 16. Nxg5 Ne5 17. dxe6 Bxe6 18. Bxh7 Kd7 19. Be4 Ng4 20. Rg3 f5 21. Bd3 Ne5 22. f4 Nxd3 23. Rxd3 Bc4 24. Rd2 Rhe8 25. b3 Be6 26. Rad1 d5 27. Nxe6 Rxe6 28. Rxd5+ Kc6 29. Rd7 Re2 30. Rxg7 Rxa2 31. Rg6+ Kc5 32. Rf6 Re8 33. Rxf5+ Kb4 34. Re5 Rf8 35. Re4+ Kxb3 36. Rb1+ Kc2 37. Rxb7 Rd8 38. Kf2 Kd3+ 39. Kf3 Rxg2 40. Rb3+ Kc2 41. Ra3 Rxh2 42. Rxa6 Kd3 43. Ra3+ Kc2 44. Re2+ 1-0


[Site "https://www.chess.com"]

[Event "Titled Tuesday Blitz February 15 Early 2022"]
[White "Kopylov, Alexander A."]
[Black "Dobrov, Vladimir"]
[WhiteFideId "4164857"]
[BlackFideId "4136594"]
[WhiteElo "2436"]
[BlackElo "2614"]
[Result "0-1"]
[Round "11"]
[TimeControl "180+1"]
[Date "2022.02.15"]
[WhiteClock "0:00:08"]
[BlackClock "0:00:11"]

1. e4 c5 2. Nf3 Nc6 3. d4 cxd4 4. Nxd4 Qb6 5. Nb3 Nf6 6. Bd3 e6 7. O-O a6 8. c4 d6 9. Nc3 Be7 10. Kh1 h5 11. h3 Ne5 12. f4 Nxd3 13. Qxd3 Qc7 14. e5 dxe5 15. fxe5 Qxe5 16. Bf4 Qf5 17. Qe3 Qg6 18. Rad1 Bd7 19. Na5 Bb4 20. Nxb7 Bc6 21. Rg1 Bxb7 22. Qb6 Bxc3 23. Qxb7 O-O 24. bxc3 Rac8 25. Qxa6 Ne4 26. Kh2 Nxc3 27. Rd7 Ne2 28. Rf1 e5 0-1


[Site "https://www.chess.com"]